 Dungeon Crawl Stone Soup version 0.19.5 (webtiles) character file.

87 tof the Charmwright (level 4, -3/30 HPs)
             Began as a High Elf Skald on Mar 2, 2017.
             Slain by Sigmund
             ... wielding a +0 scythe
              (5 damage)
             ... on level 2 of the Dungeon.
             The game lasted 00:05:06 (1269 turns).

tof the Charmwright (High Elf Skald)                Turns: 1269, Time: 00:05:07

Health: -3/30      AC:  6    Str: 11    XL:     4   Next: 28%
Magic:  4/9        EV: 12    Int: 15    God:
Gold:   106        SH:  0    Dex: 16    Spells: 2 memorised, 5 levels left

rFire  . . .     SeeInvis .     a - +0 falchion
rCold  . . .     Gourm    .     b - +0 leather armour
rNeg   . . .     Faith    .     (no shield)
rPois  .         Spirit   .     (no helmet)
rElec  .         Reflect  .     (no cloak)
rCorr  .         Harm     .     s - +2 pair of gloves
MR     .....                    (no boots)
Stlth  +.........               f - amulet of regeneration
                                (no ring)
                                (no ring)

@: singing
A: no striking features
a: Stop Singing


You were on level 2 of the Dungeon.
You were not hungry.

You visited 1 branch of the dungeon, and saw 2 of its levels.

You collected 106 gold pieces.

Inventory:

Hand Weapons
 a - a +0 falchion (weapon)
Armour
 b - a +0 leather armour (worn)
 s - a +2 pair of gloves (worn)
Jewellery
 f - an amulet of regeneration (around neck)
 h - an uncursed ring of wizardry {unknown}
Scrolls
 e - a scroll of teleportation {unknown}
 k - 3 scrolls of identify {unknown}
 l - a scroll of enchant armour {unknown}
 m - 3 scrolls of remove curse {unknown}
 o - a scroll of immolation {unknown}
 q - a scroll of amnesia {unknown}
 r - a scroll of blinking {unknown}
 t - a scroll of noise {unknown}
Potions
 n - a potion of agility {unknown}
Books
 c - a book of Battle

   Spells                             Type                      Level
   a - Infusion                       Charms                       1
   b - Shroud of Golubria             Charms/Translocation         2
   c - Song of Slaying                Charms                       2
   d - Spectral Weapon                Hexes/Charms                 3
   e - Regeneration                   Charms/Necromancy            3
Comestibles
 d - 3 bread rations
 g - 2 beef jerkies
 i - 2 meat rations
 j - 2 fruits
 p - 2 chunks of flesh


   Skills:
 * Level 2.7 Fighting
 * Level 3.2 Long Blades
 + Level 1.5 Armour
 + Level 1.4 Dodging
 - Level 0.2 Stealth
 + Level 2.8 Spellcasting
 + Level 4.4 Charms


You had 5 spell levels left.
You knew the following spells:

 Your Spells              Type           Power        Failure   Level  Hunger
a - Infusion              Chrm           ###.         4%          1    #......
b - Song of Slaying       Chrm           ###.....     10%         2    ##.....


Dungeon Overview and Level Annotations

Branches:
Dungeon (2/15)

Altars:

Annotations:
D:2 Sigmund


Message History

No target in view!
A magic dart appears from out of thin air!
The magic dart hits you! Something hits you!
There is a stone staircase leading up here.
You hit something. Something hits you.
You barely miss something. Something hits you but does no damage.
You hit something. Something hits you.
You hit something.
Your magical infusion is running out.
Something barely misses you.
You closely miss something. You barely miss something. Something hits you!
You hit something! Something hits you!
* * * LOW HITPOINT WARNING * * *
You closely miss something. You slash something!
You are no longer magically infusing your attacks.
Something hits you.
You die...

#.# #†# #[# #.#
#.# #.# #.#
#.#############
#.....<@.......
##############.


There were no monsters in sight!

Vanquished Creatures
  3 adders (D:2)
  2 oozes
  A worm (D:2)
  4 dart slugs
  3 leopard geckos
  7 goblins
  4 hobgoblins
  2 jackals (D:2)
  3 kobolds (D:1)
  5 bats
  A frilled lizard (D:1)
  5 rats
40 creatures vanquished.

Notes
Turn   | Place    | Note
-------+----------+-------------------------------------------
     0 | D:1      | tof the High Elf Skald began the quest for the Orb.
     0 | D:1      | Reached XP level 1. HP: 14/14 MP: 4/4
     3 | D:1      | Noticed an anaconda
    59 | D:1      | Reached skill level 4 in Charms
    63 | D:1      | Reached XP level 2. HP: 10/19 MP: 0/6
   363 | D:1      | Reached XP level 3. HP: 21/24 MP: 7/7
   399 | D:1      | Reached skill level 1 in Armour
   485 | D:1      | Learned a level 2 spell: Song of Slaying
   673 | D:1      | Noticed a black mamba
  1027 | D:2      | Reached XP level 4. HP: 10/30 MP: 3/9
  1254 | D:2      | Noticed Sigmund
  1267 | D:2      | HP: 1/30 [something (10)]
  1269 | D:2      | Slain by Sigmund

Skill      XL: |  1  2  3 |
---------------+----------+-----
Charms         | 4 |  4.4
Armour         | 1 |  1.5
Long Blades    | 3 |  3.2
Fighting       | |  2.7
Dodging        | |  1.4
Stealth        | |  0.2
Spellcasting   | |  2.8

Action                   |  1- 3 |  4- 6 || total
-------------------------+-------+-------++-------
Melee: Falchion          |   108 |    17 ||   125
 Cast: Infusion          |     5 |     2 ||     7
       Song of Slaying   |     2 |     1 ||     3
 Stab: Sleeping          |     1 |       ||     1
  Eat: Chunk             |     1 |     1 ||     2
Armor: Leather armour    |    28 |     5 ||    33
Dodge: Dodged            |    82 |    11 ||    93
       Rpst.: Falchion   |    26 |     4 ||    30
